 Dungeon Crawl Stone Soup version 0.20.1-1-g8b1a95d (webtiles) character file.

147 Kjetter the Caller (level 5, -2/28 HPs)
             Began as a Deep Elf Summoner on Aug 15, 2017.
             Killed by divine providence
             ... invoked by an orc priest
              (13 damage)
             ... on level 4 of the Dungeon.
             The game lasted 00:23:13 (3161 turns).

Kjetter the Caller (Deep Elf Summoner)              Turns: 3161, Time: 00:23:16

Health: -2/28      AC:  3    Str:  5    XL:     5   Next: 7%
Magic:  7/14       EV: 13    Int: 21    God:
Gold:   164        SH:  0    Dex: 15    Spells: 9/13 levels left

rFire    . . .     SeeInvis .   h - -3 dagger (curse)
rCold    . . .     Gourm    .   (no shield)
rNeg     . . .     Faith    .   a - +0 robe
rPois    .         Spirit   .   p - +0 helmet
rElec    .         Reflect  .   (no cloak)
rCorr    .         Harm     .   (no gloves)
MR       .....                  (no boots)
Stlth    ++........             (no amulet)
Regen    0.1/turn               (no ring)
MPRegen  0.2/turn               (no ring)

@: no status effects
A: no striking features
a: no special abilities


You were on level 4 of the Dungeon.
You were very hungry.

You visited 1 branch of the dungeon, and saw 4 of its levels.

You collected 164 gold pieces.

Inventory:

Hand Weapons
 h - a cursed -3 dagger (weapon)
 n - a +1 dagger of electrocution
Missiles
 j - 115 stones (quivered)
 k - 33 poisoned needles
 m - 5 tomahawks
Armour
 a - a +0 robe (worn)
 p - a +0 helmet (worn)
 B - a +0 helmet
Wands
 w - a wand of enslavement (6/24)
 x - a wand of disintegration (20/24)
Scrolls
 d - 2 scrolls of fear {unknown}
 e - 6 scrolls of identify {unknown}
 g - 2 scrolls of remove curse {unknown}
 l - a scroll of random uselessness {unknown}
 t - a scroll of enchant armour {unknown}
 y - a scroll of blinking {unknown}
Potions
 f - a potion of berserk rage {unknown}
 o - 2 potions of flight {unknown}
 r - a potion of curing {unknown}
 s - a potion of heal wounds {unknown}
 u - a potion of haste {unknown}
 v - a potion of lignification {unknown}
 A - 2 potions of mutation {unknown}
 C - a potion of resistance {unknown}
 D - a potion of invisibility {unknown}
Books
 b - a book of Callings

   Spells                             Type                      Level
   a - Summon Small Mammal            Summoning                    1
   b - Call Imp                       Summoning                    2
   c - Call Canine Familiar           Summoning                    3
   d - Summon Guardian Golem          Hexes/Summoning              3
   e - Summon Lightning Spire         Summoning/Air                4
   f - Summon Ice Beast               Ice/Summoning                4
Comestibles
 c - 5 bread rations
 i - 2 royal jellies
 q - 4 fruits
 z - a meat ration


   Skills:
 + Level 2.4 Dodging
 * Level 3.5 Stealth
 + Level 4.9 Spellcasting
 + Level 5.7 Summonings


You had 9 spell levels left.
You knew the following spells:

 Your Spells              Type           Power        Failure   Level  Hunger
a - Summon Small Mammal   Summ           ####         1%          1    None
b - Call Canine Familiar  Summ           ####....     3%          3    ##.....


Dungeon Overview and Level Annotations

Branches:
Dungeon (4/15)
 Temple: D:4-7

Altars:
Dithmenos
Makhleb
Nemelex Xobeh


Message History

The orc priest calls down the wrath of Beogh upon you.
Beogh smites you!
Your quokka closely misses the orc priest.
The orc wizard hits your quokka with a dagger of speed.
Something hits your quokka.
Your quokka bites the orc priest.
The orc barely misses your quokka.
The orc priest closely misses your quokka.
Your quokka barely misses the orc.
The orc wizard points at you and mumbles some strange words.
The puff of flame hits your quokka.
Your quokka dies!
Your quokka's corpse disappears in a puff of smoke!
Your quokka bites the orc priest.
Something barely misses your quokka.
You are feeling very hungry.
The orc closely misses your hound.
The orc wizard hits your hound with a dagger of speed.
Your quokka bites the orc priest.
The orc priest mumbles some strange prayers to Beogh against you.
Beogh smites you!
You die...

#.#..........# #...#
#...#..###.#.# #####
#........#.#.# ..
#.....#..#[# #
.....#.....#....#
.....###...##.#####
.......#...#......#+####
.....#o#...######......#
...o(#oh....@...#......#
......or#.##.#..#......#
................#......#
...###(#.##...##......#
#.#..............#
#.###########+#### #..
####


You could see an orc priest, an orc wizard, an orc, a friendly hound and a
friendly quokka.

Vanquished Creatures
  A rat (D:3)
1 creature vanquished.

Vanquished Creatures (collateral kills)
  An ogre (D:4)
  A hound (D:3)
  2 orc wizards (D:4)
  Robin (D:3)
  An adder (D:2)
  2 worms (D:2)
  A dart slug (D:1)
  3 leopard geckos
  3 orcs (D:4)
  A ball python (D:3)
  6 bats
  3 giant cockroaches
  8 goblins
  13 hobgoblins
  6 jackals
  6 kobolds
  A quokka (D:3)
  2 frilled lizards
  8 rats
69 creatures vanquished.

Grand Total: 70 creatures vanquished

Notes
Turn   | Place    | Note
-------+----------+-------------------------------------------
     0 | D:1      | Kjetter the Deep Elf Summoner began the quest for the Orb.
     0 | D:1      | Reached XP level 1. HP: 10/10 MP: 6/6
   363 | D:1      | Reached XP level 2. HP: 15/15 MP: 6/8
  1140 | D:2      | Reached skill level 5 in Summonings
  1190 | D:2      | Reached XP level 3. HP: 19/19 MP: 7/10
  1672 | D:3      | Noticed Robin
  1683 | D:3      | Killed Robin
  1737 | D:3      | Found a shadowy altar of Dithmenos.
  1738 | D:3      | Found a burning altar of Makhleb.
  2647 | D:3      | Reached XP level 4. HP: 15/24 MP: 6/12
  2759 | D:3      | Learned a level 3 spell: Call Canine Familiar
  2897 | D:4      | Noticed an ogre
  2905 | D:4      | Killed an ogre
  2921 | D:4      | Found a sparkling altar of Nemelex Xobeh.
  3017 | D:4      | Reached XP level 5. HP: 22/28 MP: 1/14
  3161 | D:4      | Killed from afar by an orc priest

Skill      XL: |  1  2  3 |
---------------+----------+-----
Summonings     | 5 |  5.7
Stealth        | 3 |  3.5
Spellcasting   | 4 |  4.9
Dodging        | |  2.4

Action                   |  1- 3 |  4- 6 || total
-------------------------+-------+-------++-------
Melee: Unarmed           |     3 |       ||     3
       Dagger            |     7 |     3 ||    10
 Cast: Summon Small Mamm |   118 |    11 ||   129
       Call Canine Famil |       |     8 ||     8
 Stab: Sleeping          |     1 |       ||     1
  Eat: Chunk             |     5 |     1 ||     6
Armor: Robe              |    11 |     1 ||    12
Dodge: Dodged            |    31 |     2 ||    33
